 Dungeon Crawl Stone Soup version 0.17.0-28-g6e173f8 (console) character file.

6553 Kloppie the Destroyer (level 10, -25/72 HPs)
             Began as a High Elf Fire Elementalist on Dec 1, 2015.
             Was an Elder of Vehumet.
             Annihilated by a hill giant
             ... wielding a +0 giant club
              (29 damage)
             ... on level 11 of the Dungeon.
             The game lasted 00:35:26 (13769 turns).

Kloppie the Destroyer (High Elf Fire Elementalist) Turns: 13769, Time: 00:35:26

Health: -25/72     AC:  3    Str:  7    XL:     10   Next: 70%
Magic:  5/20       EV: 18    Int: 21    God:    Vehumet [****..]
Gold:   252        SH:  6    Dex: 20    Spells: 5 memorised, 4 levels left

rFire  . . .     SeeInvis .     a - +0 long sword
rCold  . . .     Clarity  .     s - +1 robe
rNeg   + + .     SustAt   .     y - +0 buckler {rN+}
rPois  +         Gourm    .     (no helmet)
rElec  .         Spirit   .     (no cloak)
rCorr  .         Warding  .     (no gloves)
rMut   .         Stasis   .     (no boots)
MR     +....                    (no amulet)
Stlth  ++........               F - ring of poison resistance
                                H - ring of positive energy

@: manticore barbs, very slightly contaminated, invisible, somewhat resistant to
hostile enchantments, unstealthy
A: agile 1
a: Renounce Religion


You were on level 11 of the Dungeon.
You worshipped Vehumet.
Vehumet was greatly pleased with you.
You were not hungry.

You visited 2 branches of the dungeon, and saw 12 of its levels.

You collected 532 gold pieces.
You spent 280 gold pieces at shops.

Inventory:

Hand Weapons
 a - a +0 long sword (weapon)
 b - a +0 blowgun
 k - a +1 war axe
Missiles
 w - 27 poisoned needles
Armour
 s - a +1 robe (worn)
 y - a +0 buckler of positive energy (worn)
Jewellery
 F - a ring of poison resistance (right hand)
 H - a ring of positive energy (left hand)
Wands
 j - a wand of flame (20)
 p - a wand of random effects (17)
 u - a wand of slowing (48)
 A - a wand of flame (18)
Scrolls
 i - a scroll of fog
 o - 2 scrolls of teleportation
 q - a scroll of recharging
 t - 4 scrolls of enchant weapon
 x - 3 scrolls of remove curse
 C - a scroll of magic mapping
 J - 2 scrolls of identify
 L - a scroll of amnesia
Potions
 d - a potion of resistance
 e - 3 potions of might
 f - 4 potions of flight {unknown}
 g - 2 potions of haste
 l - a potion of agility
 n - a potion of curing {unknown}
 r - 2 potions of cancellation {unknown}
 B - a potion of degeneration {unknown}
 D - a potion of mutation {unknown}
 E - 2 potions of heal wounds {unknown}
 G - 2 potions of poison {unknown}
Books
 v - a book of Flames

   Spells                             Type                      Level
   a - Flame Tongue                   Conjuration/Fire             1
   b - Throw Flame                    Conjuration/Fire             2
   c - Conjure Flame                  Conjuration/Fire             3
   d - Inner Flame                    Hexes/Fire                   3
   e - Sticky Flame                   Conjuration/Fire             4
   f - Fireball                       Conjuration/Fire             5
Comestibles
 c - 2 bread rations
 h - 3 slices of pizza
 m - a meat ration
 I - 14 fruits


   Skills:
 - Level 7.8 Fighting
 - Level 7.0 Dodging
 - Level 2.1 Stealth
 - Level 4.2 Shields
 - Level 6.0 Spellcasting
 + Level 8.5 Conjurations
 + Level 8.4 Fire Magic


You had 4 spell levels left.
You knew the following spells:

 Your Spells              Type           Power        Failure   Level  Hunger
a - Flame Tongue          Conj/Fire      #####        1%          1    None
b - Conjure Flame         Conj/Fire      #####...     1%          3    ##.....
c - Sticky Flame          Conj/Fire      #####...     1%          4    ####...
d - Fireball              Conj/Fire      #####.....   2%          5    #####..
e - Airstrike             Air            #.........   41%         4    ####...


Dungeon Overview and Level Annotations

Branches:
Dungeon (11/15)            Temple (1/1) D:4            Lair (0/8) D:11
    Orc: D:9-12

Altars:
Ashenzari
Cheibriados
Dithmenos
Fedhas
Kikubaaqudgha
Makhleb
Nemelex Xobeh
Qazlal
Ru
Trog
Vehumet
Xom
Yredelemnul
The Shining One

Shops:
D:6 :   D:9 =

Annotations:
D:3 exclusion: phantom
D:5 exclusions: crimson imp and orc


Innate Abilities, Weirdness & Mutations

You are agile. (Dex +2)


Message History

Confirm with . or Enter, or press ? or * to list all spells.
Aiming: Flame Tongue
Press: ? - help, Shift-Dir - straight line, f/p - hill giant
Aim: a hill giant, wielding a giant club (moderately wounded, covered in liquid flames)
The flame tongue hits the hill giant.
The hill giant is heavily wounded.
The hill giant burns!
The hill giant hits you with a giant club!
* * * LOW HITPOINT WARNING * * *
Read which item? (? for menu, Esc to quit)
Okay, then.
Drink which item? (? for menu, Esc to quit)
You fade into invisibility!
The hill giant burns!
The hill giant misses you.
You are very lightly contaminated with residual magic.
The hill giant burns!
The hill giant stops burning.
The hill giant closely misses you. You block the hill giant's attack.
The hill giant hits you with a giant club!!
You die...

...##########..
................#
...#.................#
...#.................#
...#.................#
...#.................#
...#.................#
...#.................#
...#...........>@C...# .
..##............#§h..#...#
................#.........
................#.........
................#.........
................#.........
................#........#
###.....#########........#
#.......# #........#


You could see a hill giant and a black bear.

Vanquished Creatures
  A hill giant (D:10)
  A manticore (D:11)
  2 two-headed ogres (D:8)
  A wyvern (D:9)
  4 yaks (D:10)
  3 humans (D:7)
  A deep elf mage (D:8)
  A hippogriff (D:8)
  5 orc warriors
  A necrophage (D:9)
  3 black bears
  2 sky beasts
  An eye of draining (D:11)
  A phantom (D:8)
  2 ogres
  A crocodile (D:7)
  Blork the orc (D:5)
  A big kobold (D:9)
  4 giant frogs
  A gnoll sergeant (D:8)
  A wyvern zombie (D:9)
  8 killer bees
  A scorpion (D:10)
  5 wights (D:8)
  2 crimson imps
  2 orc priests
  3 jellies
  A gnoll shaman (D:5)
  6 hounds
  5 orc wizards
  A giant frog skeleton (D:4)
  4 iguanas
  6 worker ants
  A hound zombie (D:7)
  A hound skeleton (D:9)
  A worker ant zombie (D:8)
  28 gnolls
  7 adders
  A shadow imp (D:8)
  An adder skeleton (D:4)
  4 worms
  3 giant geckos
  43 orcs
  4 bats
  7 giant cockroaches
  8 goblins
  7 hobgoblins
  13 jackals
  4 quokkas
  3 giant gecko skeletons
  2 giant newts
  12 kobolds
  14 rats
246 creatures vanquished.

Notes
Turn   | Place    | Note
--------------------------------------------------------------
     0 | D:1      | Kloppie the High Elf Fire Elementalist began the quest for the Orb.
     0 | D:1      | Reached XP level 1. HP: 11/11 MP: 4/4
   401 | D:1      | Reached XP level 2. HP: 17/17 MP: 4/6
  1349 | D:2      | Found a shadowy altar of Dithmenos.
  1395 | D:2      | Found an ancient bone altar of Kikubaaqudgha.
  1861 | D:2      | Reached XP level 3. HP: 18/21 MP: 0/7
  1967 | D:2      | Learned a level 3 spell: Conjure Flame
  2382 | D:3      | Noticed a phantom
  2753 | D:3      | HP: 1/21 [orc wizard/puff of frost (13)]
  2757 | D:3      | Reached skill level 4 in Fire Magic
  2757 | D:3      | Reached XP level 4. HP: 2/27 MP: 5/8
  2954 | D:4      | Found a bloodstained altar of Trog.
  3199 | D:4      | Found a shattered altar of Ashenzari.
  3281 | D:4      | Reached XP level 5. HP: 31/31 MP: 6/9
  3434 | D:4      | Learned a level 4 spell: Sticky Flame
  3599 | D:4      | Noticed an ogre
  3606 | D:4      | Found a staircase to the Ecumenical Temple.
  3623 | Temple   | Entered the Ecumenical Temple
  3631 | Temple   | Became a worshipper of Vehumet
  3894 | D:4      | Reached skill level 5 in Fire Magic
  4086 | D:4      | Reached XP level 6. HP: 36/36 MP: 7/10
  4590 | D:4      | Reached skill level 5 in Conjurations
  4884 | D:4      | Killed an ogre
  5088 | D:5      | Entered Level 5 of the Dungeon
  5188 | D:5      | Noticed Blork the orc
  5197 | D:5      | Killed Blork the orc
  5197 | D:5      | Reached skill level 6 in Fire Magic
  5197 | D:5      | Reached XP level 7. HP: 27/41 MP: 0/11
  5546 | D:5      | Reached * piety under Vehumet
  5546 | D:5      | Offered knowledge of Shock by Vehumet.
  5948 | D:6      | Found a basalt altar of Yredelemnul.
  6483 | D:6      | Found Circhak's Book Shoppe.
  6666 | D:6      | Reached skill level 1 in Fighting
  6822 | D:6      | Reached XP level 8. HP: 36/51 MP: 7/12
  7486 | D:7      | Reached skill level 5 in Dodging
  7852 | D:7      | Reached skill level 5 in Fighting
  8381 | D:7      | Reached ** piety under Vehumet
  8381 | D:7      | Offered knowledge of Freeze by Vehumet.
  8761 | D:7      | Reached XP level 9. HP: 59/61 MP: 9/13
  9102 | D:8      | Found a blossoming altar of Fedhas.
  9189 | D:8      | Reached skill level 7 in Dodging
  9502 | D:8      | Offered knowledge of Mephitic Cloud by Vehumet.
  9570 | D:8      | Found a shimmering altar of Xom.
  9934 | D:8      | Learned a level 5 spell: Fireball
  9952 | D:8      | Reached *** piety under Vehumet
 10440 | D:8      | Reached skill level 5 in Spellcasting
 10571 | D:8      | Offered knowledge of Airstrike by Vehumet.
 10702 | D:8      | Learned a level 4 spell: Airstrike
 10761 | D:8      | Gained mutation: You are agile. (Dex +2) [potion of beneficial mutation]
 10992 | D:9      | Reached skill level 1 in Shields
 11045 | D:9      | Found Xuaw Mui's Jewellery Shop.
 11051 | D:9      | Bought an uncursed ring of poison resistance for 280 gold pieces
 11412 | D:9      | Reached **** piety under Vehumet
 11496 | D:9      | Found a burning altar of Makhleb.
 11510 | D:9      | Reached XP level 10. HP: 72/72 MP: 13/20
 12059 | D:10     | Entered Level 10 of the Dungeon
 12286 | D:10     | Noticed a hill giant
 12306 | D:10     | Killed a hill giant
 12628 | D:10     | Offered knowledge of Irradiate by Vehumet.
 13515 | D:11     | Found a staircase to the Lair.
 13552 | D:11     | Reached skill level 8 in Conjurations
 13742 | D:11     | Noticed a hill giant
 13748 | D:11     | Noticed a manticore
 13759 | D:11     | Killed a manticore
 13764 | D:11     | HP: 3/72 [hill giant/giant club (13)]
 13769 | D:11     | Annihilated by a hill giant

Action                   |  1- 3 |  4- 6 |  7- 9 | 10-12 || total
-------------------------+-------+-------+-------+-------++-------
Melee: Dagger            |     6 |       |       |       ||     6
       Short sword       |    49 |       |       |       ||    49
       Hand axe          |    11 |    11 |       |       ||    22
       War axe           |       |    42 |   116 |       ||   158
       Long sword        |       |       |     7 |    39 ||    46
 Fire: Blowgun           |     3 |       |       |       ||     3
Throw: Stone             |    28 |       |     1 |       ||    29
 Cast: Flame Tongue      |    52 |    45 |   332 |    97 ||   526
       Conjure Flame     |       |     2 |    13 |     4 ||    19
       Sticky Flame      |       |       |    12 |    14 ||    26
       Fireball          |       |       |     1 |       ||     1
Evoke: Wand              |       |       |       |     3 ||     3
  Use: Scroll            |       |       |    17 |       ||    17
       Potion            |       |       |     1 |     1 ||     2
 Stab: Sleeping          |     3 |     2 |     1 |       ||     6
  Eat: Chunk             |     6 |     8 |    21 |     5 ||    40
       Beef jerky        |       |       |     1 |     1 ||     2
       Fruit             |       |       |       |     1 ||     1
       Pizza             |       |       |       |     1 ||     1
